 Dungeon Crawl Stone Soup version 0.28.0-47-ge53b351184 (webtiles) character file.

Game seed: 13100420088517272956

303 issech the Cudgeller (level 6, -22/61 HPs)
             Began as a Troll Fighter on May 2, 2022.
             Killed from afar by Pikel (45 damage)
             ... with a bolt of acid
             ... on level 4 of the Dungeon.
             The game lasted 00:10:29 (2969 turns).

issech the Cudgeller (Troll Fighter)                Turns: 2969, Time: 00:10:29

Health: -22/61     AC:  1    Str: 25    XL:     6   Next: 15%
Magic:  5/5        EV: 13    Int:  4    God:
Gold:   137        SH: 13    Dex: 11    Spells: 5/5 levels left

rFire   . . .      SeeInvis .   a - +0 flail
rCold   . . .      Faith    .   c - +0 kite shield
rNeg    . . .      Spirit   .   w - +0 animal skin
rPois   .          Reflect  +   (helmet restricted)
rElec   .          Harm     .   G - +0 cloak
rCorr   .          Rampage  .   (gloves unavailable)
Will    .....                   (boots unavailable)
Stlth   +.........              f - amulet of reflection
HPRegen 1.00/turn               A - +4 ring of evasion
MPRegen 0.09/turn               (no ring)

@: corroded
A: large, unfitting armour, claws 3, regeneration 1, shaggy fur 1, tough skin 1
a: no special abilities


You were on level 4 of the Dungeon.
You visited 1 branch of the dungeon, and saw 4 of its levels.

You collected 137 gold pieces.

Inventory:

Hand Weapons
 a - a +0 flail (weapon)
 l - a +2 spectral quarterstaff
 n - a +0 executioner's axe
 o - a +1 dagger of venom
 x - a +0 hunting sling
 C - a +3 quarterstaff
 F - a +2 quarterstaff of chaos
Missiles
 e - 4 poisoned darts
 i - 4 curare-tipped darts
 k - 4 javelins (quivered)
 r - 19 bolts
 t - 55 stones
 u - 17 sling bullets
 D - 16 arrows
Armour
 b - a +0 robe
 c - a +0 kite shield (worn)
 v - an orb of wrath
 w - a +0 animal skin (worn)
 G - a +0 cloak (worn)
Jewellery
 f - an amulet of reflection (around neck)
 A - a +4 ring of evasion (left claw)
Wands
 E - a wand of charming (1)
Scrolls
 g - 4 scrolls of teleportation
 h - 2 scrolls of noise
 j - 4 scrolls of identify
 y - a scroll of enchant weapon {unknown}
 B - a scroll of fog {unknown}
Potions
 d - a potion of might
 m - a potion of mutation {unknown}
 p - a potion of degeneration {unknown}
 q - a potion of curing
 s - a potion of brilliance {unknown}
 z - a potion of cancellation {unknown}


   Skills:
 + Level 3.3 Fighting
 + Level 0.1 Short Blades
 + Level 3.6 Maces & Flails
 + Level 0.6 Throwing
 + Level 3.2 Dodging
 + Level 0.3 Stealth
 + Level 3.4 Shields


You had 5 spell levels left.
You didn't know any spells.
Your spell library was empty.

Dungeon Overview and Level Annotations

Branches:
Dungeon (4/15)
 Temple: D:4-7

Altars:

Annotations:
D:4 Pikel


Innate Abilities, Weirdness & Mutations

You are too large for most types of armour.
You have claws for hands.
Your natural rate of healing is unusually fast.
You are covered in fur. (AC +1)
You have tough skin. (AC +1)


Message History

You hit the lemure.
The lemure is heavily wounded.
The lemure misses you.
You barely miss the lemure.
The lemure is heavily wounded.
The lemure hits you.
You hit the lemure.
The lemure is heavily wounded.
The lemure hits you but does no damage. The lemure misses you.
You hit the lemure.
The lemure is severely wounded.
The lemure hits you.
You hit the lemure.
The lemure is almost dead.
You block the lemure's attack.
You hit the lemure.
The lemure is almost dead.
The lemure hits you but does no damage. x2
You closely miss the lemure.
The lemure is almost dead.
You block the lemure's attack.
You sock the lemure!
You kill the lemure!
That felt strangely unrewarding.
There is a stone staircase leading down, spattered with blood here.
You climb downwards.
Level annotation: Pikel
There is a stone staircase leading up here.
You throw a javelin.
The javelin pierces through Pikel but does no damage.
You throw a javelin. The javelin closely misses Pikel.
Pikel zaps a wand.
The bolt of acid hits you!!!
Ouch! That really hurt!
The acid corrodes you!
Pikel checks his coin pouch and frowns.
You are too injured to fight recklessly!
Unknown command.
Pikel zaps a wand.
The bolt of acid hits you!!!
Ouch! That really hurt!
You die...

.... #.....<....# ....#
..........##### .....##
#........##...#
.......##........##..(#
.....#..†.........#...#
......................##
..................K....#
#......................#
#.......).......@.#....######
#...........................#
#......................#....#
#######....####...####.#....#
#....# ###.# #......# ......#
#.# #.#....# .......# ...
#.#5...# .......#
....##.#..K.## .......
..............#


You could see Pikel.

Vanquished Creatures
  4 lemures (D:3)
  3 hounds
  A bullfrog skeleton (D:3)
  Ijyb (D:3)
  Crazy Yiuf (D:3)
  A hound skeleton (D:4)
  Robin (D:3)
  3 adders
  2 worms
  2 dart slugs (D:1)
  An orc (D:4)
  5 bats
  5 endoplasms
  4 giant cockroaches
  14 goblins
  9 hobgoblins
  2 quokkas
  4 ball pythons
  6 kobolds
  9 rats
78 creatures vanquished.

Vanquished Creatures (others)
  A fungus (D:3)
1 creature vanquished.

Grand Total: 79 creatures vanquished

Notes
Turn   | Place    | Note
-------+----------+-------------------------------------------
     0 | D:1      | issech the Troll Fighter began the quest for the Orb.
     0 | D:1      | Reached XP level 1. HP: 22/22 MP: 0/0
   199 | D:1      | Reached XP level 2. HP: 24/29 MP: 1/1
   880 | D:2      | Found a faded altar of an unknown god.
   882 | D:2      | Reached XP level 3. HP: 36/36 MP: 2/2
  1286 | D:2      | Reached XP level 4. HP: 31/44 MP: 3/3
  1815 | D:3      | Noticed Robin
  1859 | D:3      | Killed Robin
  1998 | D:3      | Found a runed translucent door.
  1999 | D:3      | Noticed Crazy Yiuf
  2024 | D:3      | Reached XP level 5. HP: 53/53 MP: 4/4
  2422 | D:3      | Noticed Ijyb
  2444 | D:3      | Killed Ijyb
  2650 | D:3      | Killed Crazy Yiuf
  2708 | D:4      | Reached XP level 6. HP: 61/61 MP: 5/5
  2751 | D:4      | Noticed Pikel
  2969 | D:4      | Killed from afar by Pikel

Illustrated notes

Levels and vault maps discovered:
D:1:      dpeg_arrival_arbitrary_c, layout_basic, dk_noncrumbling_2
D:2:      minmay_inner_zag, layout_basic, basic_ecumenical_altar
D:3:      layout_basic, uniq_robin, uniq_ijyb, uniq_crazy_yiuf_cottage
D:4:      minmay_recursive_quarters, layout_rooms, uniq_pikel

Skill      XL: |  1  2  3  4 |
---------------+-------------+-----
Maces & Flails | 2 3 |  3.6
Fighting       | 3 |  3.3
Dodging        | 3 |  3.2
Shields        | 3 |  3.4
Short Blades   | |  0.1
Throwing       | |  0.6
Stealth        | |  0.3

Action                   |  1- 3 |  4- 6 || total
-------------------------+-------+-------++-------
Melee: Flail             |    89 |   199 ||   288
       Dagger            |       |    10 ||    10
Throw: Javelin           |     6 |     8 ||    14
  Use: Scroll            |       |     2 ||     2
 Stab: Sleeping          |       |     2 ||     2
Armor: Robe              |    16 |     9 ||    25
       Animal skin       |       |    17 ||    17
Dodge: Dodged            |    29 |    74 ||   103
Block: Kite shield       |    59 |   131 ||   190
       Reflection        |     1 |     1 ||     2
